[Event "Titled Tuesday Blitz March 21 Early 2023"]
[White "Sanchez Alvares, Kelvin Antonio"]
[Black "Gontcharov, Vladislav"]
[WhiteFideId "3906680"]
[BlackFideId "4123492"]
[WhiteElo "2217"]
[BlackElo "2470"]
[Result "1-0"]
[Round "11"]
[TimeControl "180+2"]
[Date "2023.03.21"]
[WhiteClock "0:00:34"]
[BlackClock "0:00:20"]

1. e4 e6 2. d4 d5 3. Nc3 Bb4 4. Ne2 dxe4 5. a3 Be7 6. Nxe4 Nd7 7. N2c3 Ngf6 8. Qf3 c5 9. dxc5 Nxc5 10. Nxc5 Bxc5 11. Bb5+ Nd7 12. Bf4 O-O 13. O-O-O e5 14. Bxd7 exf4 15. Bc6 Qg5 16. Bxb7 Bg4 17. Qd5 Qxd5 18. Rxd5 Rab8 19. Rxc5 Rxb7 20. f3 Be6 21. Rd1 h6 22. Rd4 g5 23. b4 Kg7 24. Ne4 Rb6 25. Rd6 Rfb8 26. Kb2 R6b7 27. Rdc6 Rd8 28. Rc7 Rb6 29. Ra5 Rd1 30. Nc5 Rd2 31. Raxa7 Rxg2 32. Nxe6+ Rxe6 33. Rxf7+ Kg6 34. b5 Re5 35. a4 Rxh2 36. Rg7+ Kh5 37. Rgc7 g4 38. fxg4+ Kxg4 39. Rc4 Kg3 40. Rf7 f3 41. b6 Re6 42. a5 Rh5 43. b7 Rb5+ 44. Kc3 f2 45. Rb4 Re3+ 46. Kc4 Rxb4+ 47. Kxb4 Re7 48. b8=Q+ 1-0


[Site "https://www.chess.com"]

[Event "Titled Tuesday Blitz March 21 Early 2023"]
[White "Forgacs, Attila Jr."]
[Black "Bodnaruk, Anastasia"]
[WhiteFideId "773654"]
[BlackFideId "4181751"]
[WhiteElo "2168"]
[BlackElo "2310"]
[Result "1/2-1/2"]
[Round "11"]
[TimeControl "180+2"]
[Date "2023.03.21"]
[WhiteClock "0:00:09"]
[BlackClock "0:00:33"]

1. e4 c5 2. Nf3 d6 3. d4 cxd4 4. Nxd4 Nf6 5. Nc3 a6 6. f3 e5 7. Nb3 Be7 8. Be3 Be6 9. Qd2 O-O 10. O-O-O b5 11. g4 Nbd7 12. Rg1 b4 13. Nd5 Bxd5 14. exd5 Nb6 15. Na5 Nfxd5 16. Nc6 Qc7 17. Nxe7+ Qxe7 18. Bxb6 Nxb6 19. Qxd6 Nc8 20. Qxe7 Nxe7 21. Rd6 a5 22. Bb5 Rfd8 23. Rgd1 Rxd6 24. Rxd6 f6 25. Kd2 Kf8 26. c4 bxc3+ 27. bxc3 Nc8 28. Rd8+ Ke7 29. Rg8 Rb8 30. a4 g6 31. Rh8 h5 32. gxh5 gxh5 33. Rxh5 Nd6 34. Rh7+ Ke6 35. c4 Nxb5 36. axb5 a4 37. Ra7 Rh8 38. Rxa4 Rxh2+ 39. Ke3 Rc2 40. Rb4 Kd7 41. b6 Kc8 42. b7+ Kb8 43. Kd3 Rc1 44. Kd2 Rf1 45. Rb3 Rf2+ 46. Ke3 Rc2 47. Kd3 Rc1 48. Rb4 f5 49. Rb5 e4+ 50. fxe4 fxe4+ 51. Kd4 e3 52. Re5 Kxb7 53. Rxe3 Rh1 54. Re7+ Kc6 55. Re6+ Kc7 56. Re5 Kc6 57. Re6+ Kd7 58. Rg6 Rh5 59. Kc3 Kc7 60. Kb4 Kb7 61. c5 Rh1 62. Rg7+ Kc6 63. Rg6+ Kc7 64. Rg5 Kc6 65. Rg6+ Kc7 66. Kc4 Rc1+ 67. Kd5 Rd1+ 68. Ke5 Rc1 69. Kd4 Rd1+ 70. Ke3 Rc1 71. Rg5 Kc6 72. Kd4 Rd1+ 73. Kc4 Rc1+ 74. Kd4 Rd1+ 75. Ke4 Rc1 76. Rg8 Rxc5 77. Rc8+ Kb5 78. Rxc5+ Kxc5 1/2-1/2


[Site "https://www.chess.com"]

[Event "Titled Tuesday Blitz March 21 Early 2023"]
[White "Costachi, Mihnea"]
[Black "Kaufman, Raymond"]
[WhiteFideId "1217518"]
[BlackFideId "2015056"]
[WhiteElo "2456"]
[BlackElo "2321"]
[Result "0-1"]
[Round "11"]
[TimeControl "180+2"]
[Date "2023.03.21"]
[WhiteClock "0:01:48"]
[BlackClock "0:00:22"]

1. e4 e5 2. f4 d5 3. exd5 exf4 4. d4 Qxd5 5. Bxf4 Nf6 6. Nc3 Bb4 7. Qf3 Qxd4 8. Bb5+ c6 9. Ne2 Qb6 10. Bd3 Bg4 11. Qg3 O-O 12. Be5 Nbd7 13. h3 Bxe2 14. Bxf6 Nxf6 15. Bxe2 Rfe8 16. Rf1 Ne4 17. Qf3 Bxc3+ 18. bxc3 Qb2 19. Qxf7+ Kh8 20. Bc4 Qxc3+ 21. Ke2 Ng3+ 22. Kf2 Qe3# 0-1


[Site "https://www.chess.com"]

[Event "Titled Tuesday Blitz March 21 Early 2023"]
[White "Horak, Martin"]
[Black "Skvortsov, Andrei"]
[WhiteFideId "367095"]
[BlackFideId "24108600"]
[WhiteElo "2091"]
[BlackElo "2259"]
[Result "1-0"]
[Round "11"]
[TimeControl "180+2"]
[Date "2023.03.21"]
[WhiteClock "0:00:14"]
[BlackClock "0:00:24"]

1. e4 c6 2. Nf3 d5 3. Nc3 dxe4 4. Nxe4 Nf6 5. Nxf6+ exf6 6. d4 Bd6 7. Bc4 O-O 8. O-O Bg4 9. h3 Bh5 10. Be2 Re8 11. Be3 Nd7 12. Nd2 Bxe2 13. Qxe2 f5 14. Qf3 g6 15. Nc4 Bf8 16. c3 Nf6 17. Bg5 Bg7 18. Rfe1 Qd5 19. Bxf6 Qxf3 20. gxf3 Bxf6 21. Nd6 Rxe1+ 22. Rxe1 Rb8 23. Kg2 Kf8 24. f4 Be7 25. Nc4 Bd8 26. Ne5 Rc8 27. Nd7+ Kg7 28. Re8 f6 29. Nc5 Kf7 30. Rh8 Rb8 31. Rxh7+ Kg8 32. Rxb7 Rxb7 33. Nxb7 Bc7 34. Kf3 Kf7 35. Nc5 g5 36. fxg5 fxg5 37. b4 Kg6 38. Ne6 Bb6 39. a4 Kf6 40. Nc5 Bc7 41. a5 Bf4 42. Nb3 Bd6 43. Nd2 Bf4 44. Nc4 Bc7 45. a6 Ke6 46. Ne3 Bd6 47. Ke2 Bf8 48. Kd3 Bd6 49. Kc4 Be7 50. d5+ cxd5+ 51. Nxd5 Bd8 52. b5 Kd6 53. b6 axb6 54. a7 b5+ 55. Kxb5 1-0


[Site "https://www.chess.com"]

[Event "Titled Tuesday Blitz March 21 Early 2023"]
[White "Miszler, Levente"]
[Black "Perez Gormaz, Matias"]
[WhiteFideId "763276"]
[BlackFideId "3406342"]
[WhiteElo "2176"]
[BlackElo "2362"]
[Result "0-1"]
[Round "11"]
[TimeControl "180+2"]
[Date "2023.03.21"]
[WhiteClock "0:02:36"]
[BlackClock "0:02:39"]

1. Nf3 d5 2. c4 d4 3. e3 Nc6 4. exd4 Nxd4 5. Nxd4 Qxd4 6. Nc3 c6 7. d3 Nh6 8. Be3 Qd8 9. d4 Nf5 10. Qd2 g6 11. O-O-O Bg7 12. g4 Nxe3 13. fxe3 Bxg4 14. Be2 Be6 15. Rdf1 Qa5 16. h3 O-O-O 17. Bg4 f5 18. Be2 Kb8 19. b3 Bf7 20. h4 e5 21. h5 exd4 22. exd4 Rxd4 0-1


[Site "https://www.chess.com"]

[Event "Titled Tuesday Blitz March 21 Early 2023"]
[White "Eynullayev, Atilla"]
[Black "Lewtak, Damian"]
[WhiteFideId "13413570"]
[BlackFideId "1141724"]
[WhiteElo "2181"]
[BlackElo "2302"]
[Result "1-0"]
[Round "11"]
[TimeControl "180+2"]
[Date "2023.03.21"]
[WhiteClock "0:00:07"]
[BlackClock "0:00:08"]

1. d4 d5 2. c4 e6 3. Nc3 Nf6 4. cxd5 exd5 5. Bg5 c6 6. e3 Bf5 7. Qf3 Bg6 8. Bxf6 Qxf6 9. Qxf6 gxf6 10. Nge2 Bd6 11. h4 h5 12. Rh3 a5 13. Rf3 Ke7 14. Ng3 Ke6 15. Nce2 Be4 16. Nf4+ Ke7 17. Nxe4 dxe4 18. Rh3 Bxf4 19. exf4 f5 20. Rb3 Ra7 21. O-O-O b5 22. d5 Rh6 23. Kb1 b4 24. dxc6 Nxc6 25. Rg3 Rg6 26. Rg5 Rxg5 27. hxg5 h4 28. Bb5 Nd8 29. Rh1 Ne6 30. Rxh4 Rc7 31. g3 Nd4 32. Ba4 Nf3 33. Rh1 Rc5 34. Rd1 Kf8 35. a3 bxa3 36. bxa3 Nh2 37. Kb2 Ng4 38. Rd2 Rc7 39. Rd7 Rc6 40. Bxc6 Nxf2 41. Bd5 e3 42. Bc4 Ke8 43. Rb7 Nd1+ 44. Kc2 e2 45. Bxe2 Ne3+ 46. Kd2 Nd5 47. Bd3 Kd8 48. Bb5 Kc8 49. Rxf7 Nb6 50. Rg7 Kd8 51. Rg6 Ke7 52. Rxb6 1-0


[Site "https://www.chess.com"]

[Event "Titled Tuesday Blitz March 21 Early 2023"]
[White "Larino Nieto, David"]
[Black "Khamdamova, Afruza"]
[WhiteFideId "2256444"]
[BlackFideId "14210444"]
[WhiteElo "2506"]
[BlackElo "2210"]
[Result "1-0"]
[Round "11"]
[TimeControl "180+2"]
[Date "2023.03.21"]
[WhiteClock "0:00:44"]
[BlackClock "0:00:53"]

1. e4 e5 2. f4 exf4 3. Nf3 Ne7 4. Bc4 d5 5. exd5 Nxd5 6. O-O Be7 7. Nc3 Nxc3 8. bxc3 O-O 9. d4 Bd6 10. Bd3 Bg4 11. c4 c5 12. dxc5 Bxc5+ 13. Kh1 Be3 14. Qe1 Re8 15. Bb2 Nc6 16. Qc3 f6 17. c5 Kh8 18. Rad1 Qc7 19. Bc4 Bxf3 20. Rxf3 Ne5 21. Rh3 Nxc4 22. Qd3 h6 23. Rxh6+ gxh6 24. Bxf6+ Kg8 25. Qg6+ Kf8 26. Qxh6+ Kf7 27. Qg7+ Ke6 28. Qxc7 Kxf6 29. Qxb7 Rac8 30. Qa6+ Ke7 31. Qxc4 Rxc5 32. Qd3 Rh8 33. Qd7+ Kf6 34. Rd6+ Ke5 35. Qe6# 1-0


[Site "https://www.chess.com"]

[Event "Titled Tuesday Blitz March 21 Early 2023"]
[White "Sreyas Payyappat"]
[Black "Tillyaev, Ulugbek"]
[WhiteFideId "46674969"]
[BlackFideId "14202441"]
[WhiteElo "2083"]
[BlackElo "2377"]
[Result "0-1"]
[Round "11"]
[TimeControl "180+2"]
[Date "2023.03.21"]
[WhiteClock "0:01:48"]
[BlackClock "0:02:28"]

1. e4 Nf6 2. e5 Nd5 3. c4 Nb6 4. c5 Nd5 5. Nc3 e6 6. Nxd5 exd5 7. d4 d6 8. cxd6 cxd6 9. Nf3 Nc6 10. Bf4 Qb6 11. Qd2 dxe5 12. Qe2 e4 13. a3 Be7 14. Ne5 Nxd4 15. Qd2 f6 0-1


[Site "https://www.chess.com"]

[Event "Titled Tuesday Blitz March 21 Early 2023"]
[White "Khandelwal, Ankush"]
[Black "Tregubov, Pavel V."]
[WhiteFideId "413470"]
[BlackFideId "4115341"]
[WhiteElo "2263"]
[BlackElo "2425"]
[Result "1-0"]
[Round "11"]
[TimeControl "180+2"]
[Date "2023.03.21"]
[WhiteClock "0:00:11"]
[BlackClock "0:00:02"]

1. e4 e6 2. d4 d5 3. Nc3 Bb4 4. e5 c5 5. a3 Ba5 6. b4 cxd4 7. Nb5 Bc7 8. f4 Ne7 9. Nf3 Bd7 10. Nxc7+ Qxc7 11. Bd3 Qb6 12. O-O Bb5 13. Bxb5+ Qxb5 14. Nxd4 Qc4 15. f5 Nbc6 16. Nxc6 Nxc6 17. fxe6 O-O 18. exf7+ Rxf7 19. Rxf7 Kxf7 20. Bb2 Kg8 21. Qd3 Re8 22. Re1 a6 23. Qf5 Rf8 24. Qd3 b5 25. Qxc4 dxc4 26. Rd1 Re8 27. Rd6 Nxe5 28. Rxa6 Ng4 29. Kf1 Ne3+ 30. Kf2 Nxc2 31. Ra7 Rd8 32. Rxg7+ Kf8 33. Rxh7 Rd2+ 34. Kg3 Ne1 35. Be5 Rxg2+ 36. Kh4 Nd3 37. Bd6+ Ke8 38. Kh5 1-0


[Site "https://www.chess.com"]

[Event "Titled Tuesday Blitz March 21 Early 2023"]
[White "Vlassov, Nikolai"]
[Black "Donskov, Anatoly"]
[WhiteFideId "4103360"]
[BlackFideId "24143413"]
[WhiteElo "2324"]
[BlackElo "2247"]
[Result "1-0"]
[Round "11"]
[TimeControl "180+2"]
[Date "2023.03.21"]
[WhiteClock "0:00:48"]
[BlackClock "0:00:17"]

1. e4 c5 2. c3 d5 3. exd5 Qxd5 4. d4 Nf6 5. Nf3 e6 6. a3 cxd4 7. cxd4 Nc6 8. Nc3 Qd6 9. Be3 b6 10. Qc2 Bb7 11. Ne5 Rc8 12. Nxc6 Bxc6 13. Ba6 Rd8 14. Nb5 Qd7 15. Nxa7 Be4 16. Qxe4 Nxe4 17. Bb5 Nd6 18. Bxd7+ Kxd7 19. Rc1 Ra8 20. Nc6 Rc8 21. Ne5+ Kd8 22. Ke2 f6 23. Rxc8+ Kxc8 24. Rc1+ Kb7 25. Nc6 g5 26. Nd8+ Ka6 27. Nxe6 Be7 28. Rc7 Re8 29. Ng7 1-0


[Site "https://www.chess.com"]

[Event "Titled Tuesday Blitz March 21 Early 2023"]
[White "Blomqvist, Erik"]
[Black "cryptoguru02"]
[WhiteFideId "1709437"]
[WhiteElo "2436"]
[BlackElo "2469"]
[Result "0-1"]
[Round "11"]
[TimeControl "180+2"]
[Date "2023.03.21"]
[WhiteClock "0:00:30"]
[BlackClock "0:00:09"]

1. e4 e5 2. Nf3 Nc6 3. Bb5 g6 4. d4 exd4 5. Bg5 f6 6. Bf4 Bg7 7. O-O Nge7 8. c3 dxc3 9. Nxc3 O-O 10. Qd2 d6 11. h3 Be6 12. Rfe1 Ne5 13. Nd4 Bf7 14. Rad1 a6 15. Ba4 b5 16. Bb3 Bxb3 17. axb3 Qd7 18. Nd5 Rae8 19. Rc1 c5 20. Nxe7+ Rxe7 21. Nc2 Qe6 22. Ne3 Rd7 23. Nd5 f5 24. exf5 Rxf5 25. Bg3 Nf3+ 26. gxf3 Qxd5 27. Qe3 Rdf7 28. Rcd1 Qxf3 29. Qe8+ Rf8 30. Qe6+ R5f7 31. Rxd6 Bd4 32. Rxd4 cxd4 33. Qxa6 Qxb3 34. Qd6 d3 35. Re3 Qxb2 36. Rxd3 Rxf2 37. Qe6+ R2f7 38. Rf3 Qc1+ 39. Kh2 Qc4 40. Qxc4 bxc4 41. Rc3 Rc8 42. Be5 Rd7 43. Rc1 Rd3 44. Ra1 Re3 45. Bd4 Re4 46. Bc3 Re3 47. Bd4 Re4 48. Bc3 Re2+ 49. Kg1 Rd8 50. Rc1 Rd3 51. Be1 c3 52. Bxc3 Rxh3 53. Bd4 Rd3 54. Bf2 Rdd2 55. Ba7 Rg2+ 56. Kf1 Rh2 57. Kg1 Rdg2+ 58. Kf1 Rh1+ 0-1


[Site "https://www.chess.com"]

[Event "Titled Tuesday Blitz March 21 Early 2023"]
[White "Tomaszewski, Kacper"]
[Black "Budrewicz, Krzysztof"]
[WhiteFideId "1127373"]
[BlackFideId "1127950"]
[WhiteElo "2211"]
[BlackElo "2230"]
[Result "1-0"]
[Round "11"]
[TimeControl "180+2"]
[Date "2023.03.21"]
[WhiteClock "0:01:02"]
[BlackClock "0:01:20"]

1. d4 g6 2. Nf3 Bg7 3. e4 d6 4. Nbd2 Nf6 5. Bb5+ c6 6. Bd3 O-O 7. O-O Nbd7 8. a4 a5 9. b3 Re8 10. Bb2 e5 11. dxe5 dxe5 12. Nc4 Nh5 13. Nd6 Re6 14. Bc4 Re7 15. Ng5 Nb6 16. Ngxf7 Qc7 17. Nh6+ Kf8 18. Qf3+ Nf6 19. Nxc8 Rxc8 20. Ng4 Nxc4 21. bxc4 Rf7 22. Nxe5 Re7 23. Ng4 Rf7 24. Nxf6 1-0


[Site "https://www.chess.com"]

[Event "Titled Tuesday Blitz March 21 Early 2023"]
[White "Pinheiro, Iung Alicio de O."]
[Black "Kubatko, Ivan"]
[WhiteFideId "2104350"]
[BlackFideId "24111473"]
[WhiteElo "2283"]
[BlackElo "2285"]
[Result "0-1"]
[Round "11"]
[TimeControl "180+2"]
[Date "2023.03.21"]
[WhiteClock "0:00:03"]
[BlackClock "0:00:05"]

1. d4 d5 2. c4 e6 3. Nc3 c5 4. e3 Nf6 5. Nf3 a6 6. dxc5 Bxc5 7. a3 Nc6 8. b4 Bd6 9. Bb2 O-O 10. cxd5 exd5 11. Be2 Re8 12. O-O Bg4 13. h3 Bh5 14. Nh4 Bxe2 15. Nxe2 Ne4 16. Nf3 Re6 17. Ned4 Rg6 18. Nxc6 bxc6 19. Rc1 a5 20. Qd4 axb4 21. axb4 Rb8 22. Bc3 Nxc3 23. Rxc3 Rxb4 24. Qd3 Bb8 25. Rfc1 Qd7 26. Kf1 h6 27. Qc2 Rb6 28. Nd4 Be5 29. Rxc6 Bxd4 30. Rxg6 Rxg6 31. exd4 Qe6 32. Qc8+ Kh7 0-1


[Site "https://www.chess.com"]

[Event "Titled Tuesday Blitz March 21 Early 2023"]
[White "Chernov, Mikhail"]
[Black "Jeet, Jain"]
[WhiteFideId "24143170"]
[BlackFideId "5073022"]
[WhiteElo "2113"]
[BlackElo "2067"]
[Result "0-1"]
[Round "11"]
[TimeControl "180+2"]
[Date "2023.03.21"]
[WhiteClock "0:00:02"]
[BlackClock "0:00:57"]

1. d4 Nf6 2. Nc3 d6 3. e4 a6 4. Be3 g6 5. Qd2 Ng4 6. Bg5 h6 7. Bh4 Bg7 8. h3 Nf6 9. f4 b5 10. Bd3 Bb7 11. Qe2 b4 12. Na4 Nh5 13. Qe3 Qd7 14. b3 c5 15. Nf3 cxd4 16. Nxd4 Nc6 17. Nb6 Bxd4 18. Qxd4 Nxd4 19. Nxd7 Kxd7 20. O-O-O Nxf4 21. Bc4 e5 22. Rhf1 g5 23. Bf2 Bxe4 24. Bxd4 exd4 25. g3 d5 26. gxf4 f5 27. Rxd4 Ke6 28. Bd3 a5 29. Kd2 Rhg8 30. Bxe4 fxe4 31. f5+ Ke5 32. Ke3 Rgf8 33. f6 Ra6 34. f7 Ra7 35. Rfd1 Rd7 36. Rxe4+ dxe4 37. Rxd7 Ke6 38. Ra7 Rxf7 39. Ra6+ Ke7 40. Rxh6 Rf4 41. Rg6 Rf3+ 42. Kxe4 Rg3 43. Ra6 Rxh3 44. Rxa5 Kf6 45. Ra6+ Kg7 46. Rb6 Rh1 47. Rxb4 Rh4+ 48. Kf5 Rxb4 49. Kxg5 Kf7 50. Kf5 Rb5+ 51. Ke4 Ke6 52. Kd4 Kd6 53. a4 Rh5 54. b4 Rh4+ 55. Kc3 Kc6 56. Kb3 Kd5 57. c3 Rh3 58. a5 Kc6 59. Kc4 Rh4+ 60. Kb3 Kb5 61. Kc2 Kc4 62. Kb2 Rh3 63. a6 Rh6 64. b5 Kxb5 0-1


[Site "https://www.chess.com"]

[Event "Titled Tuesday Blitz March 21 Early 2023"]
[White "Raahul V S"]
[Black "Harriott, Tyrell"]
[WhiteFideId "25035525"]
[BlackFideId "2086484"]
[WhiteElo "2168"]
[BlackElo "2107"]
[Result "1-0"]
[Round "11"]
[TimeControl "180+2"]
[Date "2023.03.21"]
[WhiteClock "0:01:45"]
[BlackClock "0:01:10"]

1. c4 e6 2. g3 d5 3. Bg2 f5 4. Nf3 Nf6 5. O-O Bd6 6. b3 f4 7. d4 fxg3 8. fxg3 O-O 9. Nc3 c6 10. Qd3 Nbd7 11. e4 e5 12. Ng5 exd4 13. Ne6 Ne5 14. Qxd4 Bxe6 15. exd5 Bf7 16. Bf4 Qc7 17. c5 Nf3+ 18. Rxf3 Bxf4 19. Rxf4 cxd5 20. Nxd5 Nxd5 21. Bxd5 Bxd5 22. Qxd5+ Kh8 23. Raf1 Rfd8 24. Rf7 Qa5 25. b4 1-0


[Site "https://www.chess.com"]

[Event "Titled Tuesday Blitz March 21 Early 2023"]
[White "Berezin, Viktor"]
[Black "Jovic, Stanoje"]
[WhiteFideId "14107872"]
[BlackFideId "905020"]
[WhiteElo "2310"]
[BlackElo "2236"]
[Result "0-1"]
[Round "11"]
[TimeControl "180+2"]
[Date "2023.03.21"]
[WhiteClock "0:00:03"]
[BlackClock "0:00:07"]

1. d4 Nf6 2. c4 e6 3. Nf3 b6 4. g3 Ba6 5. Bg2 Bxc4 6. Nc3 Ba6 7. O-O Bb7 8. Re1 d5 9. Ne5 Nbd7 10. Qa4 a6 11. e4 b5 12. Qc2 b4 13. exd5 Nxe5 14. dxe5 Nxd5 15. Ne4 Be7 16. Nc5 Bxc5 17. Qxc5 Qe7 18. Qc2 O-O 19. h4 c5 20. Bg5 Qc7 21. Rac1 Rac8 22. h5 h6 23. Bd2 a5 24. Qe4 c4 25. Qg4 Kh8 26. Kh2 Qb6 27. Rf1 f5 28. exf6 Rxf6 29. f4 c3 30. bxc3 bxc3 31. Rb1 Qc7 32. Bc1 c2 33. Rb3 a4 34. Rbf3 Ne7 35. Re3 Bxg2 36. Kxg2 Nf5 37. Re5 Qc6+ 38. Kh2 Rd8 39. Qe2 Qd7 40. Rf2 Nd4 41. Qg4 Qf7 42. Bb2 Rf5 43. Bxd4 c1=Q 44. Rxf5 exf5 45. Qf3 Qcc7 46. Re2 Qb7 47. Be5 Qxf3 48. Rg2 Q7xh5+ 49. Kg1 Rd1# 0-1


[Site "https://www.chess.com"]

[Event "Titled Tuesday Blitz March 21 Early 2023"]
[White "Derjabin, Ilja"]
[Black "Meunier-Pion, Jean"]
[WhiteFideId "14104768"]
[BlackFideId "20685327"]
[WhiteElo "2309"]
[BlackElo "2124"]
[Result "0-1"]
[Round "11"]
[TimeControl "180+2"]
[Date "2023.03.21"]
[WhiteClock "0:00:04"]
[BlackClock "0:00:05"]

1. d4 d5 2. c4 c6 3. Nc3 Nf6 4. Nf3 a6 5. g3 dxc4 6. Bg2 g6 7. O-O Bg7 8. Ne5 Be6 9. e4 O-O 10. f4 Qc8 11. f5 gxf5 12. exf5 Bxf5 13. Nxc4 Qe6 14. Nb6 Ra7 15. Bf4 Nbd7 16. Re1 Nxb6 17. Rxe6 Bxe6 18. Be5 Nc4 19. Qe2 Nxe5 20. dxe5 Nd5 21. Nxd5 cxd5 22. Rd1 Rd8 23. Qh5 b5 24. Rd4 Rc7 25. Bh3 Bxh3 26. Qxh3 Rc4 27. Rd3 Bxe5 28. Qf5 Bf6 29. b3 Rc1+ 30. Kg2 d4 31. g4 Rc2+ 32. Kg3 Rdc8 33. h4 R8c3 34. Rxc3 Rxc3+ 35. Kf2 h6 36. g5 hxg5 37. hxg5 Bg7 38. g6 fxg6 39. Qxg6 Re3 40. Qe8+ Kh7 41. Qh5+ Kg8 42. Qe8+ Kh7 43. a4 bxa4 44. bxa4 Re5 45. Qc8 a5 46. Qc7 Kg6 47. Qb6+ Kf7 48. Kf3 e6 49. Kf4 Bf6 50. Kg4 Kg6 51. Qb8 Re4+ 52. Kf3 Re3+ 53. Kf2 Re5 54. Qg8+ Kf5 55. Qh7+ Kg5 56. Qg8+ Kh6 57. Kf3 Rf5+ 58. Ke4 Re5+ 59. Kd3 Bg7 60. Qe8 Kg5 61. Kc4 Bf6 62. Qg8+ Kf5 63. Qg2 Rd5 64. Qf3+ Ke5 65. Kd3 Be7 66. Qg3+ Kf6 67. Qf4+ Kg7 68. Qe4 Kf7 69. Qh7+ Ke8 70. Ke4 Kd7 71. Qg8 d3 72. Qg1 d2 73. Qd1 Bb4 74. Kf3 Rc5 75. Qf1 Rf5+ 76. Ke4 Rxf1 77. Ke5 d1=Q 78. Ke4 Qd5+ 79. Ke3 Bc5+ 80. Ke2 Qd1# 0-1


[Site "https://www.chess.com"]

[Event "Titled Tuesday Blitz March 21 Early 2023"]
[White "Fernandez Garcia, Gumersindo"]
[Black "The_Sherman_Variation"]
[WhiteFideId "24516740"]
[WhiteElo "2093"]
[BlackElo "2556"]
[Result "0-1"]
[Round "11"]
[TimeControl "180+2"]
[Date "2023.03.21"]
[WhiteClock "0:00:02"]
[BlackClock "0:00:07"]

1. e4 c6 2. c4 d5 3. cxd5 cxd5 4. exd5 Nf6 5. Nc3 Nxd5 6. Nf3 Nxc3 7. bxc3 Nc6 8. d4 g6 9. h4 h5 10. Bd3 Bg7 11. O-O O-O 12. Qb3 Qc7 13. Re1 Bg4 14. Ng5 e6 15. a4 Rac8 16. Bd2 b6 17. Rac1 Na5 18. Qb1 Bf5 19. Bxf5 exf5 20. g3 Nc4 21. Bf4 Qc6 22. Qb5 Qb7 23. Re2 a6 24. Qb3 Qc6 25. Rce1 Na5 26. Qa2 Qxc3 27. Nxf7 Rxf7 28. Rc1 Qxc1+ 29. Bxc1 Rxc1+ 30. Kg2 Rc7 31. Re8+ Kh7 32. d5 Rfd7 33. Re6 Nc4 34. Rc6 Ne5 35. Rxb6 Rc5 36. d6 a5 37. Qe6 Rc2 38. Kg1 Rd8 39. Rb5 Re2 40. Kf1 Re4 41. Qe7 Rc8 42. Rb1 Rc2 43. d7 Ree2 44. Qc5 Nxd7 45. Qa7 Ne5 46. Rb5 Ng4 47. Rxa5 Rxf2+ 48. Ke1 Rce2+ 49. Kd1 Ne3+ 50. Kc1 Rf1# 0-1


[Site "https://www.chess.com"]

[Event "Titled Tuesday Blitz March 21 Early 2023"]
[White "Melikhov, Evgeny V."]
[Black "Garv Gaur"]
[WhiteFideId "4122046"]
[BlackFideId "45030839"]
[WhiteElo "2158"]
[BlackElo "2068"]
[Result "0-1"]
[Round "11"]
[TimeControl "180+2"]
[Date "2023.03.21"]
[WhiteClock "0:00:01"]
[BlackClock "0:00:12"]

1. d4 Nf6 2. c4 e6 3. Nc3 Bb4 4. Qc2 O-O 5. e4 d5 6. e5 Ne4 7. Bd3 c5 8. Nf3 cxd4 9. Nxd4 Nd7 10. Bf4 Qh4 11. g3 Qh5 12. O-O Bxc3 13. bxc3 g5 14. cxd5 exd5 15. Bxe4 dxe4 16. e6 Nf6 17. Bd6 Ng4 18. f3 Ne3 19. Qxe4 Nxf1 20. Bxf8 Qxh2+ 21. Kxf1 Kxf8 22. Re1 Qxg3 23. e7+ Ke8 24. Ke2 Qh2+ 25. Kd1 Bd7 26. Re2 Qh1+ 27. Kd2 Rc8 28. Nf5 Bxf5 29. Qxf5 Rc6 30. Qd7+ Kxd7 31. e8=Q+ Kc7 32. Re7+ Kb6 33. Qd8+ Ka6 34. Qd3+ b5 0-1


[Site "https://www.chess.com"]

[Event "Titled Tuesday Blitz March 21 Early 2023"]
[White "Omelja, Artem"]
[Black "Fule, Simon"]
[WhiteFideId "14119846"]
[BlackFideId "787515"]
[WhiteElo "2404"]
[BlackElo "2396"]
[Result "0-1"]
[Round "11"]
[TimeControl "180+2"]
[Date "2023.03.21"]
[WhiteClock "0:00:01"]
[BlackClock "0:00:04"]

1. e4 e5 2. Nf3 Nc6 3. d4 exd4 4. Nxd4 Nf6 5. Nc3 Bb4 6. Nxc6 bxc6 7. Bd3 O-O 8. O-O d5 9. exd5 cxd5 10. Bg5 c6 11. Qf3 Bd6 12. h3 Rb8 13. Rab1 h6 14. Bxf6 Qxf6 15. Qxf6 gxf6 16. Ne2 c5 17. c4 d4 18. Ng3 Bxg3 19. fxg3 Kg7 20. b3 Re8 21. Rbe1 Bb7 22. Kf2 Bc6 23. Rb1 Re3 24. Rfd1 Rbe8 25. b4 Ba4 26. Rd2 Rb8 27. a3 a5 28. b5 Rb6 29. g4 Kf8 30. Re1 Rbe6 31. Ree2 Ke7 32. Bf5 R6e5 33. Rb2 Kd6 34. Rxe3 Rxe3 35. b6 Rb3 36. Rxb3 Bxb3 37. Bd3 Ba4 38. Kg3 Bc6 39. Bf5 Bb7 40. Bd3 Kc6 41. Kf4 Kxb6 42. g3 Bc8 43. h4 Kc6 44. g5 fxg5+ 45. hxg5 hxg5+ 46. Kxg5 Kd6 47. Kf6 Be6 48. Be2 Kd7 49. g4 Kd6 50. g5 Kd7 51. Bd3 Kd6 52. Bh7 Kd7 53. Bd3 Kd6 54. Be4 Bxc4 55. Bf5 Bd5 0-1


[Site "https://www.chess.com"]

[Event "Titled Tuesday Blitz March 21 Early 2023"]
[White "Villalba, Marcelo"]
[Black "Sovetbekova, Nurai"]
[WhiteFideId "3701859"]
[BlackFideId "13801910"]
[WhiteElo "2191"]
[BlackElo "1857"]
[Result "1-0"]
[Round "11"]
[TimeControl "180+2"]
[Date "2023.03.21"]
[WhiteClock "0:01:01"]
[BlackClock "0:00:10"]

1. e4 c5 2. Nf3 d6 3. d4 cxd4 4. Nxd4 Nf6 5. Nc3 a6 6. Bg5 e6 7. f4 Be7 8. Qf3 Qc7 9. O-O-O Nbd7 10. Be2 h6 11. Bh4 b5 12. Bxf6 Nxf6 13. e5 Bb7 14. Qg3 dxe5 15. fxe5 Nd5 16. Nxe6 fxe6 17. Qg6+ Kd7 18. Nxd5 Bxd5 19. Rxd5+ exd5 20. Bg4+ Kd8 21. Rd1 Qxe5 22. Qc6 Bg5+ 23. Kb1 Ke7 24. Rxd5 Qe1+ 25. Rd1 Qe5 26. Rd7+ Ke8 27. Qxa8+ Bd8 28. Qxd8# 1-0


[Site "https://www.chess.com"]

[Event "Titled Tuesday Blitz March 21 Early 2023"]
[White "Lehtosaari, Mauri"]
[Black "Bogaudinov, Rushan"]
[WhiteFideId "501999"]
[BlackFideId "4129288"]
[WhiteElo "2525"]
[BlackElo "1949"]
[Result "0-1"]
[Round "11"]
[TimeControl "180+2"]
[Date "2023.03.21"]
[WhiteClock "0:00:02"]
[BlackClock "0:00:15"]

1. d4 d5 2. Nf3 Nf6 3. Bg5 e6 4. Nbd2 Be7 5. e3 b6 6. Ne5 Bb7 7. Bd3 c5 8. Bb5+ Nfd7 9. Bxe7 Qxe7 10. O-O O-O 11. Nxd7 Nxd7 12. c3 a6 13. Bd3 e5 14. a4 e4 15. Be2 f5 16. dxc5 bxc5 17. f3 Bc6 18. f4 Rab8 19. Qc2 a5 20. Rfd1 c4 21. Nf1 Nc5 22. Ng3 Nd3 23. Bxd3 exd3 24. Qf2 g6 25. Nf1 Qd7 26. Nd2 Rxb2 27. Qg3 Bxa4 28. Nf3 Bxd1 29. Rxd1 Qa4 30. Rf1 d2 31. Qf2 d1=Q 32. Qxb2 Qdb3 33. Qd2 Rd8 34. Qd4 Qe8 35. Ne5 a4 36. Qa7 a3 37. h4 a2 38. h5 Ra8 39. Qc7 a1=Q 40. Rxa1 Rxa1+ 41. Kh2 Qd1 42. Nf3 Qh1+ 43. Kg3 Qxh5 44. Qd6 Rd1 45. Ng5 Qxe3+ 46. Nf3 Qe8 47. Qc7 Qg4+ 48. Kh2 Rd3 0-1


[Site "https://www.chess.com"]